 Dungeon Crawl Stone Soup version 0.26-a0-971-g1d9d62bb61 (webtiles) character file.

Game seed: 18259859363653333838

402 siradein the Firebug (level 6, -3/41 HPs)
             Began as a Demonspawn Fire Elementalist on Dec 4, 2020.
             Was a Follower of Vehumet.
             Slain by a wyvern zombie (7 damage)
             ... on level 4 of the Dungeon.
             The game lasted 00:11:54 (3691 turns).

siradein the Firebug (Demonspawn Fire Elementalist) Turns: 3691, Time: 00:11:55

Health: -3/41      AC:  5    Str:  8    XL:     6   Next: 55%
Magic:  2/9        EV: 12    Int: 19    God:    Vehumet [*.....]
Gold:   129        SH:  0    Dex: 13    Spells: 5/9 levels left

rFire    . . .     SeeInvis +   s - +0 short sword (venom)
rCold    . . .     Faith    .   (no shield)
rNeg     . . .     Spirit   .   a - +0 robe
rPois    .         Reflect  .   (helmet restricted)
rElec    .         Harm     .   (no cloak)
rCorr    .         Rampage  .   (no gloves)
MR       .....                  i - +2 pair of boots
Stlth    ++........             g - amulet of regeneration
HPRegen  0.53/turn              o - ring of see invisible
MPRegen  0.11/turn              (no ring)

@: mighty
A: antennae 2, claws 1, talons 1, powered by pain 1
a: Renounce Religion


You were on level 4 of the Dungeon.
You worshipped Vehumet.
Vehumet was aware of your devotion.
You visited 1 branch of the dungeon, and saw 4 of its levels.

You collected 129 gold pieces.

Inventory:

Hand Weapons
 s - a +0 short sword of venom (weapon)
Armour
 a - a +0 robe (worn)
 i - a +2 pair of boots (worn)
Jewellery
 g - an amulet of regeneration (around neck)
 o - a ring of see invisible (left claw)
Scrolls
 c - 7 scrolls of identify {unknown}
 e - 2 scrolls of remove curse {unknown}
 j - a scroll of amnesia {unknown}
 l - 2 scrolls of teleportation {unknown}
 m - 2 scrolls of blinking {unknown}
 n - a scroll of fear {unknown}
 p - a scroll of magic mapping {unknown}
Potions
 b - a potion of haste {unknown}
 d - a potion of lignification {unknown}
 f - a potion of invisibility {unknown}
 h - a potion of curing
 k - a potion of might {unknown}
 q - 2 potions of heal wounds {unknown}
 r - 2 potions of cancellation {unknown}


   Skills:
 - Level 1.7 Dodging
 - Level 1.7 Stealth
 - Level 2.0 Spellcasting
 - Level 1.0 Conjurations
 + Level 6.8 Fire Magic


You had 5 spell levels left.
You knew the following spells:

 Your Spells              Type           Power        Failure   Level
a - Foxfire               Conj/Fire      ###.         3%          1
b - Conjure Flame         Conj/Fire      ###.....     10%         3

Your spell library contained the following spells:

 Spells                   Type           Power        Failure   Level
 Sandblast                Erth           #.....       17%         1
 Inner Flame              Hex/Fire       ##......     12%         3
 Sticky Flame             Conj/Fire      ###.....     32%         4
 Fireball                 Conj/Fire      ###.......   67%         5


Dungeon Overview and Level Annotations

Branches:
Dungeon (4/15)
 Temple: D:4-7

Altars:
Dithmenos
Fedhas
Makhleb
Ru
Vehumet

Portals:
Ossuary: D:4


Innate Abilities, Weirdness & Mutations

You have a pair of antennae on your head.
You have sharp fingernails.
You have sharp toenails.
You sometimes gain a little power by taking damage.


Message History

The wyvern zombie is moderately damaged.
The foxfire hits the leopard gecko.
You kill the leopard gecko!
Vehumet accepts your kill.
You feel your power returning. The wyvern zombie bites you.
* * * LOW HITPOINT WARNING * * *
Casting: Foxfire (safe; 3% risk of failure)
Confirm with . or Enter, or press ? or * to list all spells.
You conjure some foxfire!
The wyvern zombie completely misses you.
The foxfire hits the kobold zombie.
The kobold zombie is severely damaged.
The foxfire hits the kobold zombie.
You destroy the kobold zombie!
Vehumet accepts your kill. The wyvern zombie bites you!
* * * LOW HITPOINT WARNING * * *
There is a stone staircase leading down here.
The wyvern zombie bites you!
You die...

#.# #<####.#
#.###.#..$.#
#........#.#
#.###..∩.#.#
#.#......#.#
#Z#.##.)##.####.#
#####?.........§....#
........Z.....Z>######
##.#####.####.@........
#.# #....#####. #.#
#....# #.# ####.# #..
.# ### ##


You could see a worm zombie and a wyvern zombie.

Vanquished Creatures
  Sigmund (D:2)
  A phantom (D:3)
  Terence (D:3)
  A worker ant zombie (D:3)
  4 adders
  2 oozes (D:1)
  An adder zombie (D:3)
  An adder skeleton (D:3)
  2 worms
  A dart slug (D:1)
  2 leopard geckos
  13 bats
  5 giant cockroaches
  11 goblins
  3 hobgoblins
  7 kobolds
  2 quokkas
  6 frilled lizards
  A kobold zombie (D:4)
  A leopard gecko skeleton (D:3)
  5 rats (D:1)
71 creatures vanquished.

Vanquished Creatures (others)
  244 foxfires
244 creatures vanquished.

Grand Total: 315 creatures vanquished

Notes
Turn   | Place    | Note
-------+----------+-------------------------------------------
     0 | D:1      | siradein the Demonspawn Fire Elementalist began the quest
                  | for the Orb.
     0 | D:1      | Reached XP level 1. HP: 13/13 MP: 3/3
   238 | D:1      | Reached skill level 3 in Fire Magic
   365 | D:1      | Gained mutation: You have sharp toenails. [demonic
                  | ancestry]
   365 | D:1      | Reached XP level 2. HP: 18/19 MP: 1/5
   879 | D:1      | Gained mutation: You have a pair of small antennae on your
                  | head. [demonic ancestry]
   879 | D:1      | Reached XP level 3. HP: 24/24 MP: 4/6
   932 | D:1      | Learned a level 3 spell: Conjure Flame
  1242 | D:2      | Reached skill level 4 in Fire Magic
  1281 | D:2      | Found a radiant altar of Vehumet.
  1282 | D:2      | Found a burning altar of Makhleb.
  1393 | D:2      | Became a worshipper of Vehumet
  1758 | D:2      | Found a faded altar of an unknown god.
  1759 | D:2      | Noticed Sigmund
  1803 | D:2      | Killed Sigmund
  1804 | D:2      | Reached skill level 5 in Fire Magic
  1804 | D:2      | Gained mutation: You have sharp fingernails. [demonic
                  | ancestry]
  1804 | D:2      | Reached XP level 4. HP: 16/30 MP: 3/7
  1804 | D:2      | Gained mutation: You sometimes gain a little power by
                  | taking damage. [demonic ancestry]
  1804 | D:2      | Reached XP level 5. HP: 19/35 MP: 3/8
  2603 | D:3      | Found a sacrificial altar of Ru.
  2603 | D:3      | Found a blossoming altar of Fedhas.
  2603 | D:3      | Found a shadowy altar of Dithmenos.
  2696 | D:3      | Reached skill level 6 in Fire Magic
  2740 | D:3      | Reached * piety under Vehumet
  2740 | D:3      | Offered knowledge of Sandblast by Vehumet.
  3048 | D:3      | Gained mutation: You have a pair of antennae on your head.
                  | [demonic ancestry]
  3048 | D:3      | Reached XP level 6. HP: 40/41 MP: 6/9
  3115 | D:3      | Noticed Terence
  3155 | D:3      | Killed Terence
  3663 | D:4      | Found a sand-covered staircase.
  3691 | D:4      | Slain by a wyvern zombie

Illustrated notes

Levels and vault maps discovered:
D:1:      dpeg_arrival_snail, layout_basic
D:2:      layout_basic, gammafunk_temple_overflow_pools,
          chequers_ecumenical_altar_simple, uniq_sigmund
D:3:      layout_loops_cross, chequers_temple_overflow_statue_of_worship,
          serial_undead, serial_undead_d, serial_undead_d, serial_undead_e,
          serial_undead_a, uniq_terence
D:4:      layout_basic, kennysheep_mini, enter_ossuary_3

Skill      XL: |  1  2  3  4  5 |
---------------+----------------+-----
Fire Magic     | 3 5 6 |  6.8
Dodging        | |  1.7
Stealth        | |  1.7
Spellcasting   | |  2.0
Conjurations   | |  1.0

Action                   |  1- 3 |  4- 6 || total
-------------------------+-------+-------++-------
Melee: Unarmed           |       |    21 ||    21
 Cast: Foxfire           |    66 |    84 ||   150
       Conjure Flame     |       |     2 ||     2
Armor: Robe              |     5 |    20 ||    25
Dodge: Dodged            |    16 |    57 ||    73

Table legend: (Time is in decaauts)
 A = Elapsed time spent in this place.
 B = Non-inter-level travel time spent in this place.
 C = Inter-level travel time spent in this place.
 D = Time resting spent in this place.
 E = Time spent auto-exploring this place.
 F = Levels seen in this place.
 G = Mean time per level.
                   A        B        C        D        E       F      G
               +--------+--------+--------+--------+--------+-----+--------+
         Total |   3689 |   3601 |     88 |      0 |   2831 |   4 |  922.2 |
       Dungeon |   3689 |   3601 |     88 |      0 |   2831 |   4 |  922.2 |
               +--------+--------+--------+--------+--------+-----+--------+

Top non-repeatable levels by time:
     D:2: 1363 daAuts
     D:1: 1239 daAuts
     D:3: 1059 daAuts
     D:4: 27 daAuts
